 Dungeon Crawl Stone Soup version 0.30-a0-4-ga7cffc901d (webtiles) character file.

Game seed: 17482306516929921624

769 SensoryNuts the Sneak (level 7, 0/58 HPs)
             Began as a Demigod Delver on Aug 21, 2022.
             Slain by a lemure (7 damage)
             ... led by Pikel
             ... on level 4 of the Dungeon.
             The game lasted 00:08:16 (5052 turns).

SensoryNuts the Sneak (Demigod Delver)              Turns: 5052, Time: 00:08:16

Health: 0/58       AC:  6    Str: 21    XL:     7   Next: 27%
Magic:  9/9        EV: 12    Int: 12    God:
Gold:   180        SH:  0    Dex: 15    Spells: 6/6 levels left

rFire   . . .      SeeInvis +    f - +0 war axe (vamp)
rCold   . . .      Faith    .    (no shield)
rNeg    . . .      Spirit   .    b - +0 leather armour
rPois   .          Reflect  .    j - +2 helmet {SInv}
rElec   .          Harm     .    (no cloak)
rCorr   .          Rampage  .    (no gloves)
Will    .....                    (no boots)
Stlth   +++.......               (no amulet)
HPRegen 0.19/turn                (no ring)
MPRegen 0.11/turn                (no ring)

@: studying Short Blades
A: high MP 1, forlorn, divine attributes
a: no special abilities


You were on level 4 of the Dungeon.
You visited 1 branch of the dungeon, and saw 5 of its levels.

You collected 180 gold pieces.

Inventory:

Hand Weapons
 a - a +0 hand axe
 f - a +0 vampiric war axe (weapon)
Missiles
 p - a throwing net (quivered)
Armour
 b - a +0 leather armour (worn)
 j - a +2 helmet of see invisible (worn)
Wands
 g - a wand of digging (8)
 s - a wand of roots (5)
Scrolls
 c - a scroll of fog
 d - 3 scrolls of magic mapping
 e - 3 scrolls of fear
 h - a scroll of teleportation
 l - 2 scrolls of noise
 m - 2 scrolls of torment
 u - a scroll of identify
 v - a scroll of summoning {unknown}
Potions
 i - a potion of lignification {unknown}
 k - a potion of curing
 o - a potion of invisibility
 q - a potion of resistance {unknown}
 t - a potion of brilliance


   Skills:
 + Level 3.9 Fighting
 + Level 5.2 Axes
 + Level 2.7 Armour
 + Level 2.6 Dodging
 + Level 5.9 Stealth


You had 6 spell levels left.
You didn't know any spells.
Your spell library contained the following spells:

 Spells                   Type           Power      Damage    Failure   Level
 Petrify                  Tmut/Erth      0%         N/A       98%         4
 Metabolic Englaciation   Hex/Ice        0%         N/A       100%        5
 Statue Form              Tmut/Erth      0%         N/A       100%        6


Dungeon Overview and Level Annotations

Branches:
Dungeon (5/15)
 Temple: D:4-7

Shops:
D:4 ?

Annotations:
D:4 Pikel
D:5 Dowan


Innate Abilities, Weirdness & Mutations

You have an increased reservoir of magic. (+10% MP)
You shall have no god before yourself.
Your divine heritage dramatically boosts your attributes as you level up.


Message History

You are too injured to fight recklessly!
You are too injured to fight recklessly!
You are too injured to fight recklessly!
You are too injured to fight recklessly!
You are too injured to fight recklessly!
You are too injured to fight recklessly!
You are too injured to fight recklessly!
You are too injured to fight recklessly!
You are too injured to fight recklessly!
You are too injured to fight recklessly!
You are too injured to fight recklessly!
You are too injured to fight recklessly!
You are too injured to fight recklessly!
You are too injured to fight recklessly!
You are too injured to fight recklessly!
You are too injured to fight recklessly!
You are too injured to fight recklessly!
You are too injured to fight recklessly!
You are too injured to fight recklessly!
You are too injured to fight recklessly!
You are too injured to fight recklessly!
You are too injured to fight recklessly!
You are too injured to fight recklessly!
You are too injured to fight recklessly!
You are too injured to fight recklessly!
Okay, then.
The lemure attacks as you move away! The lemure closely misses you. x2
The lemure attacks as you move away! The lemure hits you.
The lemure attacks as you move away! The lemure hits you.
* * * LOW HITPOINT WARNING * * *
The lemure closely misses you. The lemure hits you but does no damage.
You open the door. The lemure hits you.
* * * LOW HITPOINT WARNING * * *
The lemure closely misses you.
Found 5 stones.
The lemure attacks as you move away! The lemure hits you.
* * * LOW HITPOINT WARNING * * *
The lemure hits you!
You die...

........ ........ #.........#
........ #.........# ........
#.....(...# ........ #.........#
........ #.........# ........
#.........# ........#
#.........#.....
........#'######@######......
#####............5...........
....#..........555............ #.
....+......................... #.
....#...............$......... +.
###+#........................ #.
##.........#######.........##+##.
.#.........#.....#.........#.....
.#.........#.....#.........#.....


You could see 4 lemures.

Vanquished Creatures
  Sigmund (D:2)
  Edmund (D:4)
  A black bear (D:3)
  An ogre (D:4)
  3 orc priests
  A hound (D:4)
  Ijyb (D:4)
  3 gnolls (D:2)
  5 adders
  An ufetubus (D:4)
  3 worms
  A dart slug (D:1)
  15 orcs
  8 endoplasms
  6 giant cockroaches
  3 goblins
  5 hobgoblins
  A quokka (D:2)
  4 ball pythons
  7 bats
  4 frilled lizards
  5 kobolds
  5 rats
85 creatures vanquished.

Notes
Turn   | Place    | Note
-------+----------+-------------------------------------------
     0 | D:5      | SensoryNuts the Demigod Delver began the quest for the Orb.
     0 | D:5      | Reached XP level 1. HP: 18/18 MP: 3/3
     6 | D:5      | Noticed Dowan
    93 | D:4      | Found Nafoorigru's Magic Scroll Shop.
   182 | D:3      | Reached XP level 2. HP: 6/25 MP: 4/4
   485 | D:3      | Reached skill level 5 in Stealth
   487 | D:3      | HP: 1/25 [constriction (1)]
   496 | D:3      | Reached XP level 3. HP: 6/31 MP: 5/5
   990 | D:1      | Reached skill level 1 in Armour
  1807 | D:2      | Reached XP level 4. HP: 38/38 MP: 6/6
  2062 | D:2      | Noticed Sigmund
  2072 | D:2      | Killed Sigmund
  2073 | D:2      | Reached XP level 5. HP: 45/45 MP: 7/7
  2977 | D:3      | Reached XP level 6. HP: 46/51 MP: 8/8
  4118 | D:4      | Noticed Ijyb
  4131 | D:4      | Killed Ijyb
  4455 | D:4      | Reached XP level 7. HP: 58/58 MP: 9/9
  4477 | D:4      | Reached skill level 5 in Axes
  4589 | D:4      | Noticed Pikel
  4868 | D:4      | Noticed Edmund
  4899 | D:4      | Killed Edmund
  5052 | D:4      | Slain by a lemure

Illustrated notes

Levels and vault maps discovered:
D:1:      mrwooster_arrival_statue_2, layout_loops_ring
D:2:      layout_basic, nicolae_elevator_lobby_plus, uniq_sigmund
D:3:      layout_basic, basic_ecumenical_altar, serial_corexii_hall,
          chequers_hall_statues_y, corexii_hall_statues_x
D:4:      layout_gridville, mainiacjoe_overflow_catwalk, nicolae_stop_n_shop_2,
          minmay_manual_macuahuitl, uniq_edmund, uniq_ijyb, uniq_pikel
D:5:      layout_basic, minmay_temple_entry_tees, serial_shops, shop,
          uniq_grinder, uniq_duvessa

Skill      XL: |  1  2  3  4  5  6  7 |
---------------+----------------------+-----
Stealth        | 5 |  5.9
Axes           | 2 3 4 5 |  5.2
Fighting       | 3 |  3.9
Armour         | 1 2 |  2.7
Dodging        | 2 |  2.6

Action                   |  1- 3 |  4- 6 |  7- 9 || total
-------------------------+-------+-------+-------++-------
Melee: Hand axe          |    34 |       |       ||    34
       Punch             |     1 |     3 |     2 ||     6
       War axe           |    49 |   155 |    53 ||   257
Throw: Throwing net      |       |     1 |       ||     1
  Use: Potion            |     2 |     4 |     2 ||     8
       Scroll            |       |     5 |     1 ||     6
 Stab: Sleeping          |     9 |     8 |     1 ||    18
       Invisible         |       |     1 |       ||     1
Armor: Leather armour    |    24 |    62 |    14 ||   100
Dodge: Dodged            |    54 |   134 |    49 ||   237

Table legend: (Time is in decaauts)
 A = Elapsed time spent in this place.
 B = Non-inter-level travel time spent in this place.
 C = Inter-level travel time spent in this place.
 D = Time resting spent in this place.
 E = Time spent auto-exploring this place.
 F = Levels seen in this place.
 G = Mean time per level.
                   A        B        C        D        E       F      G
               +--------+--------+--------+--------+--------+-----+--------+
         Total |   5138 |   4950 |    188 |     39 |   4018 |   5 | 1027.6 |
       Dungeon |   5138 |   4950 |    188 |     39 |   4018 |   5 | 1027.6 |
               +--------+--------+--------+--------+--------+-----+--------+

Top non-repeatable levels by time:
     D:2: 1640 daAuts
     D:3: 1588 daAuts
     D:4: 990 daAuts
     D:1: 840 daAuts
     D:5: 80 daAuts
